 Seeded DCSS version 0.31-a0-496-g6f97920a28 (webtiles) character file.

Game seed: 7415222406553760909 (custom seed)

87 innerfire43 the Changeling (level 4, 0/32 HPs)
             Began as a Demonspawn Shapeshifter on Aug 8, 2023.
             Slain by Robin
             ... wielding a +0 trident
              (8 damage)
             ... on level 2 of the Dungeon.
             The game lasted 00:02:31 (1577 turns).

innerfire43 the Changeling (DsSh)                   Turns: 1577, Time: 00:02:32

Health: 0/32       AC:  3    Str: 17    XL:     4   Next: 28%
Magic:  4/4        EV: 12    Int:  9    God:
Gold:   107        SH:  0    Dex: 14    Spells: 3/3 levels left

rFire   . .          .
                       - Unarmed
rCold   + . .        (no shield)
rNeg    . . .        l - +1 robe {rC+}
rPois   .            (helmet currently unavailable)
rElec   .            (cloak currently unavailable)
rCorr   .            (gloves currently unavailable)
SInv    .            (boots currently unavailable)
Will    .....        (no amulet)
Stlth   +            (no ring)
HPRegen 0.25/turn    (no ring)
MPRegen 0.09/turn

%: no passive effects
@: beast-form
A: beast (slay +2), spiny 1
a: Begin Untransformation


You were on level 2 of the Dungeon.
You were a hulking beast.
You visited 1 branch of the dungeon, and saw 3 of its levels.

You collected 107 gold pieces.

Inventory:

Armour
 a - a +0 animal skin
 l - a +1 robe of cold resistance (worn)
 m - a +2 cloak
Jewellery
 e - a ring of wizardry
 g - a ring of positive energy
 i - a ring of wizardry
 p - a ring of poison resistance
Talismans
 c - a beast talisman (active)
 d - a flux talisman
Scrolls
 h - a scroll of teleportation {unknown}
 j - 2 scrolls of identify {unknown}
 k - a scroll of poison {unknown}
 n - a scroll of fog {unknown}
Potions
 b - 2 potions of lignification
 f - 2 potions of curing {unknown}
 o - a potion of mutation {unknown}


   Skills:
 - Level 1.0 Fighting
 - Level 1.7 Dodging
 - Level 2.6 Unarmed Combat
 + Level 4.2 Shapeshifting


You had 3 spell levels left.
You didn't know any spells.
Your spell library was empty.

Dungeon Overview and Level Annotations

Branches:
Dungeon (3/15)

Altars:

Shops:
D:1 ?

Annotations:
D:2 Robin


Innate Abilities, Weirdness & Mutations

You are a hulking beast.
Your limbs bulge with bestial killing power. (Slay +2)
You are partially covered in sharp spines.


Message History

The goblin is struck by your spines.
You kill the goblin!
Unknown command.
You punch the hobgoblin!
You kill the hobgoblin!
Robin hits you but does no damage.
The jackal bites you but does no damage.
Unknown command.
You closely miss the jackal. The jackal is struck by your spines.
The jackal barely misses you.
Robin hits you from afar with a +0 trident.
You barely miss the jackal.
The jackal is almost dead.
The jackal closely misses you. Robin hits you but does no damage.
The jackal bites you.
* * * LOW HITPOINT WARNING * * *
Unknown command.
You closely miss the jackal.
The jackal is almost dead.
Robin closely misses you. The jackal is struck by your spines.
You kill the jackal!
Unknown command.
You hit the jackal.
The jackal is almost dead.
Robin barely misses you. The jackal bites you.
* * * LOW HITPOINT WARNING * * *
Unknown command.
You hit the jackal.
You kill the jackal!
Robin barely misses you. Robin hits you but does no damage.
Things that are here:
a +0 dagger; a goblin corpse; a bat corpse You hit Robin.
Robin is lightly wounded.
Robin is struck by your spines. Robin barely misses you.
You hit Robin.
Robin is heavily wounded.
Robin hits you with a +0 trident!
You die...

#........#..##.##.#########
#.......)#..##.##.#
#........#..##....# ####
#........#........# #...
#........'..#..#..# ####...
#........####..##.# #..+...
#........## #..##.# #)##...
#........g###..##.###......
#.........h.)..##...#......
#.......).####.####........
#.........# #.........###'
#.........# ###...#.......
#..[......# #...#.######
#.........# #[..#.# #
#.........# #...#.# ....
.........# #.....# ##..
#.##### #..


You could see Robin.

Vanquished Creatures
  2 adders
  A worm (D:2)
  A dart slug (D:2)
  3 bats
  An endoplasm (D:2)
  2 giant cockroaches (D:1)
  16 goblins
  7 hobgoblins
  9 jackals
  4 quokkas
  2 ball pythons (D:1)
  2 frilled lizards (D:1)
  3 kobolds
  3 rats
56 creatures vanquished.

Notes
Turn   | Place    | Note
-------+----------+-------------------------------------------
     0 | D:1      | innerfire43 the Demonspawn Shapeshifter began the quest for
                  | the Orb.
     0 | D:1      | Reached XP level 1. HP: 15/15 MP: 1/1
    58 | D:1      | Reached skill level 3 in Shapeshifting
    65 | D:1      | Gained mutation: You are partially covered in sharp spines.
                  | [demonic ancestry]
    65 | D:1      | Reached XP level 2. HP: 5/21 MP: 2/2
   297 | D:1      | Reached XP level 3. HP: 25/26 MP: 3/3
   459 | D:1      | Found Onoqawk's Magic Scroll Emporium.
   995 | D:2      | Noticed Robin
  1016 | D:2      | Reached skill level 4 in Shapeshifting
  1555 | D:2      | Reached XP level 4. HP: 32/32 MP: 4/4
  1577 | D:2      | Slain by Robin

Illustrated notes

Levels and vault maps discovered:
D:1:      spicycebolla_green_bress_n_ham_2, layout_rooms, serial_shops, shop,
          minmay_misc_feat_hallway
D:2:      layout_basic, uniq_robin
D:3:      minmay_evil_eye, layout_basic,
          mainiacjoe_overflow_concentric_impassable, lemuel_tele_altar,
          gammafunk_temple_overflow_arena, nemelex_altar_shiori,
          kennysheep_generic_room_6

Skill      XL: |  1  2  3 |
---------------+----------+-----
Shapeshifting  | 3 4 |  4.2
Fighting       | |  1.0
Dodging        | |  1.7
Unarmed Combat | |  2.6

Action                     |  1- 3 |  4- 6 || total
---------------------------+-------+-------++-------
  Melee: Unarmed           |    78 |    14 ||    92
         Punch             |     2 |       ||     2
 Armour: Animal skin       |    19 |       ||    19
         Robe              |     1 |     6 ||     7
  Dodge: Dodged            |    61 |    12 ||    73

Table legend: (Time is in decaauts)
 A = Elapsed time spent in this place.
 B = Non-inter-level travel time spent in this place.
 C = Inter-level travel time spent in this place.
 D = Time resting spent in this place.
 E = Time spent auto-exploring this place.
 F = Levels seen in this place.
 G = Mean time per level.
                   A        B        C        D        E       F      G
               +--------+--------+--------+--------+--------+-----+--------+
         Total |   1576 |   1208 |    368 |      0 |    932 |   3 |  525.3 |
       Dungeon |   1576 |   1208 |    368 |      0 |    932 |   3 |  525.3 |
               +--------+--------+--------+--------+--------+-----+--------+

Top non-repeatable levels by time:
     D:2: 969 daAuts
     D:1: 593 daAuts
     D:3: 14 daAuts
